Map: Orbital Shipyard

Players

Uply

  • Race: Zerg Zerg

JusticeSimon - Winner!

  • Race: Protoss Protoss
  • League: Master

VOD

Have the link to the VOD?

Description

1 gas zealot all-in

Time

  • Played on: March 13, 2016, 3:23 a.m.
  • Length: 10:02
Show
View Real Time Build Order
Export as new Build Order

Uply Zerg 

Build Orders: Hatch First 

Get SALT Encoding   

  12  0:01  Drone  
  13  0:12  Overlord  
  13  0:17  Drone  
  14  0:23  Extractor  
  14  0:24  Drone  
  15  0:31  Drone  
  15  0:35  Drone  
  17  0:54  Hatchery  
  16  0:57  Drone  
  17  1:12  Spawning Pool  
  17  1:16  Drone  
  17  1:25  Drone x2  
  19  1:28  Extractor  
  18  1:39  Drone x2, Extractor  
  19  1:58  Overlord  
  19  2:01  Queen  
  19  2:05  Queen  
  19  2:07  Zergling x2  
  24  2:10  Drone  
  24  2:13  Drone  
  26  2:18  Zergling x2  
  26  2:21  Drone  
  28  2:27  Drone  
  29  2:32  Drone  
  29  2:34  Metabolic Boost  
  30  2:39  Drone  
  31  2:50  Drone x2  
  33  2:59  Hatchery  
  32  3:08  Overlord  
  32  3:12  Lair  
  32  3:15  Drone x2  
  34  3:23  Overlord  
  34  3:25  Drone x2  
  36  3:27  Drone  
  36  3:30  Drone  
  38  3:36  Queen  
  40  3:49  Drone  
  40  3:50  Drone x3  
  40  3:54  Extractor x2  
  42  4:07  Drone  
  43  4:12  Queen  
  43  4:16  Queen  
  47  4:21  Extractor  
  47  4:23  Drone x3, Spire  
  47  4:24  Drone x2  
  50  4:25  Drone x2  
  52  4:38  Drone x4  
  56  5:00  Spine Crawler  
  56  5:01  Spine Crawler  
  56  5:02  Drone  
  56  5:03  Drone  
  54  5:07  Overlord  
  54  5:08  Overlord  
  50  5:35  Mutalisk x7  
  57  5:52  Mutalisk x2  
  50  6:11  Hatchery  
  47  6:12  Spine Crawler  
  42  6:19  Mutalisk  
  42  6:28  Spine Crawler  
  42  6:32  Drone  
  42  6:34  Drone  
  42  6:36  Drone  
  43  6:42  Drone  
  43  6:46  Drone  
  45  6:49  Drone x3  
  49  7:01  Drone x2  
  49  7:04  Drone  
  52  7:15  Drone x2  
  54  7:18  Spawning Pool  
  53  7:23  Mutalisk  
  53  7:25  Drone  
  53  7:26  Drone  
  57  7:44  Mutalisk x2  
  57  7:45  Drone  
  57  7:46  Drone  
  63  7:51  Drone x2  
  63  7:52  Evolution Chamber  
  64  8:01  Drone  
  64  8:03  Drone  
  64  8:04  Overlord  
  64  8:05  Overlord  
  66  8:22  Queen x2  
  62  8:30  Zergling x2  
  62  8:31  Zergling x12  
  63  8:38  Zergling x2  
  63  8:40  Hatchery  
  61  8:43  Drone x2  
  61  8:46  Queen  
  57  8:54  Spore Crawler  
  54  8:57  Spore Crawler  
  54  9:00  Lair  
  54  9:02  Zergling x8  
  57  9:11  Roach Warren  
  56  9:19  Drone x2  
  56  9:23  Drone x2, Spore Crawler  
  59  9:24  Drone  
  59  9:25  Drone x2  
  59  9:28  Drone  
  59  9:37  Zergling x4  
  59  9:38  Zergling x2  
  56  9:41  Zergling x8  
Show
View Real Time Build Order
Export as new Build Order

JusticeSimon Protoss - Winner!

Build Orders: 1 Gate Expand 

Get SALT Encoding   

  12  0:01  Probe (Chrono Boost)  
  13  0:11  Probe (Chrono Boost)  
  14  0:20  Pylon  
  14  0:22  Probe (Chrono Boost)  
  15  0:38  Probe (Chrono Boost)  
  15  0:39  Gateway  
  16  0:47  Assimilator  
  16  0:48  Probe (Chrono Boost)  
  17  0:59  Probe (Chrono Boost)  
  18  1:09  Probe (Chrono Boost)  
  19  1:26  Nexus  
  19  1:35  Cybernetics Core  
  19  1:38  Probe (Chrono Boost)  
  20  1:48  Pylon  
  20  1:49  Probe (Chrono Boost)  
  21  1:59  Probe (Chrono Boost)  
  22  2:10  Probe (Chrono Boost)  
  22  2:14  Stalker (Chrono Boost)  
  22  2:15  Warp Gate (Chrono Boost)  
  25  2:21  Probe  
  26  2:33  Probe  
  27  2:37  Robotics Facility  
  27  2:39  Probe  
  28  2:45  Zealot (Chrono Boost), Probe  
  28  2:49  Probe  
  32  2:55  Pylon  
  32  2:57  Probe  
  33  3:00  Probe  
  34  3:17  Gateway x2  
  34  3:19  Gateway  
  34  3:22  Gateway  
  34  3:27  Warp Prism (Chrono Boost)  
  36  3:42  Gateway  
  36  3:44  Gateway  
  36  3:54  Mothership Core  
  38  4:02  Pylon  
  38  4:04  Pylon  
  38  4:25  Zealot x5  
  48  4:40  Observer  
  49  4:46  Zealot x2  
  49  4:47  Zealot x5  
  49  4:51  Pylon  
  63  5:06  Probe x2  
  65  5:08  Pylon  
  65  5:10  Zealot x3  
  65  5:11  Sentry x2  
  75  5:32  Pylon  
  75  5:34  Pylon  
  75  5:37  Zealot x4  
  81  5:48  Assimilator  
  79  5:50  Assimilator  
  79  5:51  Probe x2  
  79  5:52  Pylon, Assimilator  
  71  6:13  Stargate  
  71  6:14  Probe x2  
  69  6:18  Forge  
  63  6:26  Probe x2  
  61  6:38  Probe x2  
  53  6:52  Photon Cannon  
  53  6:53  Photon Cannon  
  49  6:59  Pylon  
  47  7:03  Phoenix (Chrono Boost)  
  47  7:08  Stargate  
  49  7:09  Stalker x4  
  57  7:16  Probe x2  
  59  7:22  Phoenix (Chrono Boost)  
  59  7:28  Protoss Ground Weapons Level 1 (Chrono Boost)  
  57  7:44  Probe x2  
  57  7:47  Photon Cannon  
  57  7:49  Phoenix (Chrono Boost)  
  61  7:52  Phoenix (Chrono Boost)  
  63  8:06  Probe x2  
  63  8:11  Phoenix (Chrono Boost)  
  67  8:15  Phoenix (Chrono Boost)  
  67  8:17  Stalker x2  
  70  8:33  Phoenix (Chrono Boost)  
  72  8:36  Phoenix (Chrono Boost)  
  74  8:59  Zealot x4  
  74  9:00  Zealot  
  74  9:02  Zealot x2  
  88  9:08  Pylon, Nexus  
  88  9:20  Twilight Council  
  88  9:21  Phoenix x2 (Chrono Boost)  
  92  9:42  Zealot x3  
  92  9:43  Zealot x4  
Tags
 
Add a new tag
Caveats
  • Supply blocks, unpowered buildings, or Contaminate may cause inaccurate times.
  • Supply counts are checked every 10 seconds.